[Event "*** Titled Tuesday Blitz"]
[Site "Chess.com"]
[Date "2020.05.12"]
[Round "6"]
[White "BakaPG"]
[Black "Bulldog167"]
[Result "1-0"]
[WhiteElo "2657"]
[BlackElo "2825"]
[TimeControl "180+1"]
[EndTime "11:04:44 PDT"]
[Termination "BakaPG won by resignation"]

1. e4 c5 2. c3 d5 3. exd5 Qxd5 4. d4 Nc6 5. Nf3 Bf5 6. Be3 Nf6 7. c4 Qd7 8. d5 Nb4 9. Na3 e6 10. Ne5 Qc7 11. Qa4+ Nd7 12. Bf4 Bd6 13. Nb5 Qb6 14.
Nxd7 Kxd7 15. Nxd6+ Kd8 16. O-O-O e5 17. Nxf5 exf4 18.
a3 Na2+ 19. Kc2 Qg6 20. Bd3 Qxg2 21. Rhe1 Qxf2+ 22. Re2 Qf3 23. Nd6 Qg4 24. Nxb7+ Kc7 25.
Qc6+ Kb8 26. Nxc5 1-0

[Event "*** Titled Tuesday Blitz"]
[Site "Chess.com"]
[Date "2020.05.12"]
[Round "6"]
[White "ALeks_Ivlev"]
[Black "AryanTari"]
[Result "0-1"]
[WhiteElo "2596"]
[BlackElo "2914"]
[TimeControl "180+1"]
[EndTime "11:04:45 PDT"]
[Termination "AryanTari won by resignation"]

1. d4 d5 2. c4 e6 3. Nf3 Nf6 4. g3 dxc4 5. Bg2 Bb4+ 6. Nbd2 b5 7. O-O a5 8. a4 c6 9. Qc2 Bb7 10. b3 cxb3 11. Nxb3 Nbd7 12. e4 Be7 13. Rd1 O-O 14.
Bd2 c5 15. e5 Be4 16. Qb2 Nd5 17. axb5 a4 18. Nxc5 Nxc5 19. dxc5 Bxc5 20. Re1 Bd3 21. Rac1 Qb6 22. Bg5 Rfc8 23. Qd2 Bxb5 24. Rb1 a3 25. Bf1 Nc3 26. Bxb5 Nxb1 27. Rxb1 a2 28. Ra1 Qxb5 29.
Rxa2 Qb1+ 30. Kg2 Qxa2 0-1

[Event "*** Titled Tuesday Blitz"]
[Site "Chess.com"]
[Date "2020.05.12"]
[Round "6"]
[White "Supernotar"]
[Black "Snegokhod"]
[Result "0-1"]
[WhiteElo "2753"]
[BlackElo "2556"]
[TimeControl "180+1"]
[EndTime "11:04:45 PDT"]
[Termination "Snegokhod won by resignation"]

1. d4 Nf6 2. c4 g6 3. Nc3 d5 4.
cxd5 Nxd5 5. e4 Nxc3 6. bxc3 Bg7 7. Nf3 c5 8. Be3 Qa5 9. Qd2 Nc6 10. Rc1 cxd4 11. cxd4 Qxd2+ 12. Kxd2 f5 13. Bb5 O-O 14. Bc4+ Kh8 15. exf5 Bxf5 16. Ng5 h6 17. Ne6 Bxe6 18. Bxe6 Nxd4 19. Bxd4 Bxd4 20. f3 Rad8 21. Ke2 Rf6 22. Bb3 Rc6 23. Rxc6 bxc6 24. Rc1 c5 25. Rc4 Kg7 26.
Ra4 Rd7 27. Ra6 Rc7 28. Bc2 Bf6 29. Be4 c4 30. Rc6 Rxc6 31. Bxc6 c3 32. Kd3 Kf7 33. Bd5+ e6 34. Bb3 Ke7 35. Ke4 Kd6 36. g4 g5 37.
h3 Bd8 38. Bc4 c2 0-1

[Event "*** Titled Tuesday Blitz"]
[Site "Chess.com"]
[Date "2020.05.12"]
[Round "6"]
[White "Euwe1234"]
[Black "Munkhzul_Davaakhuu"]
[Result "1-0"]
[WhiteElo "2210"]
[BlackElo "1888"]
[TimeControl "180+1"]
[EndTime "11:04:47 PDT"]
[Termination "Euwe1234 won by resignation"]

1. e4 e5 2. Nf3 Nc6 3. Bb5 a6 4. Ba4 Nf6 5. O-O Be7 6. Re1 b5 7. Bb3 d6 8. c3 O-O 9. h3 Nb8 10. d4 Nbd7 11. a4 Bb7 12. Nbd2 c5 13. d5 c4 14. Bc2 Nc5 15. Nf1 Re8 16. g4 g6 17.
Ng3 Bf8 18. g5 Nfd7 19. h4 bxa4 20. Bxa4 Nxa4 21. Rxa4 Nb6 22. Ra1 Bc8 23. Be3 Bg4 24. Kg2 Nd7 25. Qc2 f5 26. Nh2 Bg7 27. exf5 gxf5 28. Nxg4 fxg4 29. Qf5 Rf8 30. Qxg4 Nc5 31. Qxc4 Rc8 32. Qe2 Qb6 33. b4 Qb7 34. bxc5 Qxd5+ 35. Kg1 dxc5 36. Red1 Qb7 37. Qxa6 Qf3 38. Qc4+ Kh8 39. Qe4 Qf7 40. Rd5 c4 41. Ra7 1-0

[Event "*** Titled Tuesday Blitz"]
[Site "Chess.com"]
[Date "2020.05.12"]
[Round "6"]
[White "BabyBoss31"]
[Black "Aradej"]
[Result "1/2-1/2"]
[WhiteElo "2317"]
[BlackElo "2494"]
[TimeControl "180+1"]
[EndTime "11:04:49 PDT"]
[Termination "Game drawn by repetition"]

1. d4 Nf6 2. c4 c5 3. d5 g6 4. Nc3 Bg7 5. e4 d6 6. Nf3 O-O 7. Be2 e6 8. O-O exd5 9. exd5 Re8 10.
h3 a6 11. Bd3 Nh5 12. Bg5 Bf6 13.
Bd2 Nd7 14. Qc2 Ne5 15. Nxe5 Bxe5 16. Rae1 Bd7 17. Ne2 b5 18. b3 b4 19. g4 Qh4 20.
gxh5 Qxh3 21. f4 Qg4+ 22. Kh1 Qxh5+ 23. Kg1 Qg4+ 24. Kh1 Qh3+ 25. Kg1 Qg4+ 26. Kh1 Qh4+ 27. Kg1 Bg7 28. Be4 Bg4 29. Qd3 Bxe2 30. Rxe2 Bd4+ 31.
Kg2 Qg4+ 32. Kh1 f5 33. Bf3 Qh3+ 34. Rh2 Qg3 35. Rg2 Qh3+ 36. Rh2 Qg3 37. Rg2 Qh3+ 38.
Rh2 1/2-1/2

[Event "*** Titled Tuesday Blitz"]
[Site "Chess.com"]
[Date "2020.05.12"]
[Round "6"]
[White "EnergeticHay"]
[Black "kot60"]
[Result "0-1"]
[WhiteElo "2143"]
[BlackElo "2344"]
[TimeControl "180+1"]
[EndTime "11:04:49 PDT"]
[Termination "kot60 won by resignation"]

1. e4 e5 2. Nf3 Nc6 3. Bc4 Be7 4. c3 Nf6 5. d3 d6 6. h3 O-O 7. O-O h6 8. a4 Nh7 9. b4 Ng5 10. Nxg5 Bxg5 11. Be3 Qf6 12. Nd2 Ne7 13. Re1 Ng6 14. Nf1 Bf4 15. Qh5 Be6 16. g3 Bxc4 17. gxf4 Bxd3 18.
f5 Qh4 19. Qxh4 Nxh4 20. Nd2 Kh7 21. Kh2 g5 22. Kg3 d5 23. f3 Rad8 24. Rad1 a6 25. Bc5 Rfe8 26. Nb3 Bc2 27. Nd2 dxe4 28. fxe4 Rd3+ 29.
Kg4 Bxd1+ 30. Rxd1 Red8 0-1

[Event "*** Titled Tuesday Blitz"]
[Site "Chess.com"]
[Date "2020.05.12"]
[Round "6"]
[White "dragos420"]
[Black "Konavets"]
[Result "0-1"]
[WhiteElo "2515"]
[BlackElo "2929"]
[TimeControl "180+1"]
[EndTime "11:04:51 PDT"]
[Termination "Konavets won on time"]

1. e4 c5 2. Nf3 d6 3. d4 cxd4 4.
Nxd4 Nf6 5. Nc3 Nc6 6. Bg5 e6 7. Qd2 a6 8. O-O-O h6 9. Bxf6 Qxf6 10. Nxc6 bxc6 11. f4 g5 12. e5 Qxf4 13. Qxf4 gxf4 14. exd6 e5 15. Ne4 Bf5 16. d7+ Kd8 17. Nd6 Bxd6 18. Rxd6 Bxd7 19. Bc4 Ke7 20. Rd2 Be6 21. Bxe6 Kxe6 22. Re1 Kf5 23. Rd6 Rag8 24. Re2 Rg6 25. Rd7 f6 26. Rd6 Rhg8 27. Rdd2 h5 28. Kd1 h4 29. h3 Rg3 30. Ke1 f3 31. Rf2 Kf4 32.
Rd6 f5 33. gxf3 Rxf3 34. Rh6 Kg3 35. Rxf3+ Kxf3 36. Rxh4 e4 0-1

[Event "*** Titled Tuesday Blitz"]
[Site "Chess.com"]
[Date "2020.05.12"]
[Round "6"]
[White "Anna_ChessMate"]
[Black "GukeshDommaraju"]
[Result "0-1"]
[WhiteElo "2496"]
[BlackElo "2734"]
[TimeControl "180+1"]
[EndTime "11:04:53 PDT"]
[Termination "GukeshDommaraju won by resignation"]

1. d4 Nf6 2. c4 e6 3. Nf3 d5 4. Nc3 Bb4 5. Bg5 h6 6. Bxf6 Qxf6 7. Qa4+ Nc6 8. e3 O-O 9. Be2 a6 10. cxd5 exd5 11. O-O Qd6 12. Rac1 Bd7 13. Qc2 Ne7 14. Nb1 c6 15. a3 Ba5 16. b4 Bc7 17.
Ne5 f6 18. Nf3 g5 19. g3 Kg7 20. Nbd2 Bh3 21. Rfe1 h5 22. e4 Ng6 23. exd5 Qxd5 24.
Bc4 Qd7 25. Ne4 Rae8 26. Nc5 Qc8 27. Bd3 Nf4 28. Bf1 Bxf1 29. Rxf1 Qh3 30. gxf4 Qg4+ 31. Kh1 Qxf3+ 32. Kg1 Bxf4 33. Rce1 Qg4+ 34. Kh1 Qh3 35.
f3 Rxe1 36. Rxe1 Qxf3+ 37. Kg1 Be3+ 0-1

[Event "*** Titled Tuesday Blitz"]
[Site "Chess.com"]
[Date "2020.05.12"]
[Round "6"]
[White "Karacsonyi_Gellert"]
[Black "northridgehawk"]
[Result "1-0"]
[WhiteElo "2489"]
[BlackElo "2257"]
[TimeControl "180+1"]
[EndTime "11:04:54 PDT"]
[Termination "Karacsonyi_Gellert won by checkmate"]

1. e4 e5 2. Nf3 Nc6 3. Bb5 a6 4. Bxc6 dxc6 5. O-O Bg4 6. h3 h5 7. d3 Qf6 8. Nbd2 g5 9. Nc4 Bxf3 10. Qxf3 Qxf3 11. gxf3 f6 12. h4 gxh4 13. Kh2 O-O-O 14. Ne3 Ne7 15. Rg1 Bh6 16. Nf5 Nxf5 17. exf5 Bf4+ 18. Bxf4 exf4 19. Rae1 Rd5 20. Rg7 Kb8 21. Ree7 Rc8 22. Kh3 Rxf5 23. Kxh4 a5 24. Rh7 Rc5 25. c3 Rb5 26. b3 a4 27. Rxh5 f5 28. b4 Rg8 29. a3 Rd5 30. d4 Rg1 31. Re5 Rd8 32.
Rexf5 Rdg8 33. Rfg5 Rh1+ 34. Kg4 Rg1+ 35. Kxf4 Rf8+ 36.
Rf5 Re8 37. Re5 Rf8+ 38. Rhf5 Rh8 39. Rf7 Rh4+ 40. Ke3 Rgh1 41. c4 Ra1 42. Rf8+ Ka7 43. Ra5+ Kb6 44. c5# 1-0

[Event "*** Titled Tuesday Blitz"]
[Site "Chess.com"]
[Date "2020.05.12"]
[Round "6"]
[White "Flawless_Fighter"]
[Black "LionTheLeon_06"]
[Result "0-1"]
[WhiteElo "2475"]
[BlackElo "2675"]
[TimeControl "180+1"]
[EndTime "11:04:56 PDT"]
[Termination "LionTheLeon_06 won by resignation"]

1. e4 c5 2. Nf3 d6 3. d4 cxd4 4.
Nxd4 Nf6 5. Nc3 a6 6. Be3 e5 7.
Nb3 Be6 8. f3 h5 9. Qd2 Nbd7 10.
Nd5 Bxd5 11. exd5 g6 12. Be2 Bg7 13. O-O e4 14. f4 Ng4 15. Bd4 Bxd4+ 16. Qxd4 Qf6 17.
Qxe4+ Kf8 18. Qd4 Re8 19. Bxg4 hxg4 20. Qxf6 Nxf6 21. Rad1 Rc8 22. Rf2 Kg7 23. Na5 g3 24.
hxg3 Ng4 25. Rfd2 Rh5 26. Re1 Rch8 27. Kf1 Rh1+ 28. Ke2 Re8+ 29. Kf3 Nh2+ 30. Kf2 Rexe1 0-1

[Event "*** Titled Tuesday Blitz"]
[Site "Chess.com"]
[Date "2020.05.12"]
[Round "6"]
[White "Barys1974"]
[Black "CrushingKings"]
[Result "0-1"]
[WhiteElo "2623"]
[BlackElo "2488"]
[TimeControl "180+1"]
[EndTime "11:04:57 PDT"]
[Termination "CrushingKings won by resignation"]

1. e4 c5 2. Nf3 e6 3. c4 Nc6 4. Be2 d5 5. exd5 exd5 6. cxd5 Qxd5 7. Nc3 Qd8 8. O-O Nf6 9. d4 cxd4 10. Nb5 Bc5 11. Bf4 O-O 12. Rc1 Bb6 13. Ne5 Nd5 14. Bg3 Qf6 15. Nc4 Bf5 16. Bf3 Ndb4 17. a3 Nd3 18.
Rc2 Nde5 19. Bxe5 Nxe5 20. Nxe5 Qxe5 21. Nxd4 Qxd4 0-1

[Event "*** Titled Tuesday Blitz"]
[Site "Chess.com"]
[Date "2020.05.12"]
[Round "6"]
[White "heartofatiger"]
[Black "NemtsevIgor"]
[Result "1-0"]
[WhiteElo "2449"]
[BlackElo "2283"]
[TimeControl "180+1"]
[EndTime "11:04:57 PDT"]
[Termination "heartofatiger won by resignation"]

1. d4 c6 2. c4 d6 3. e4 h6 4.
Nc3 g5 5. h4 g4 6. h5 Bg7 7. Be3 Qa5 8. Qd2 Nd7 9. Nge2 Ngf6 10. Ng3 Nf8 11. Be2 a6 12. Rb1 b5 13. b4 Qc7 14. c5 dxc5 15. bxc5 Ne6 16. Nf5 Bf8 17.
Nxh6 Nxd4 18. Nxf7 Kxf7 19. Qxd4 e5 20. Qd2 Rxh5 21.
Rxh5 Nxh5 22. Rd1 Be6 23. Nd5 Qd8 24. Qc2 Qh4 25. g3 Qh2 26. Nc7 Ra7 27. Nxe6 Kxe6 28. Bxg4+ Kf6 29. Qe2 Nxg3 30. Qf3+ Kg7 31. Qxg3 Qh1+ 32.
Ke2 Qxe4 33. Bf5+ 1-0

[Event "*** Titled Tuesday Blitz"]
[Site "Chess.com"]
[Date "2020.05.12"]
[Round "6"]
[White "alexwinter25"]
[Black "mamonika"]
[Result "0-1"]
[WhiteElo "2335"]
[BlackElo "2002"]
[TimeControl "180+1"]
[EndTime "11:04:57 PDT"]
[Termination "mamonika won by resignation"]

1. e4 c5 2. Nf3 d6 3. d4 cxd4 4. c3 Nf6 5. Bd3 dxc3 6. Nxc3 g6 7. O-O Bg7 8. Qe2 O-O 9. Rd1 Nbd7 10. Bf4 a6 11. h3 b5 12. e5 dxe5 13. Nxe5 Nxe5 14. Bxe5 Qa5 15. Qf3 Ra7 16. a3 b4 17. Bd4 Rd7 18.
Ne2 Bb7 19. Qe3 Qd5 20. f3 Qb3 21. axb4 Rfd8 22. Bc3 Nd5 23. Qf2 Nxc3 24. Nxc3 Bd4 25. Qxd4 Rxd4 26. Be2 Rxd1+ 27. Bxd1 Qxb2 28. Rb1 Qxc3 29. Ba4 0-1

[Event "*** Titled Tuesday Blitz"]
[Site "Chess.com"]
[Date "2020.05.12"]
[Round "6"]
[White "Belka1989"]
[Black "davigator"]
[Result "0-1"]
[WhiteElo "2121"]
[BlackElo "2373"]
[TimeControl "180+1"]
[EndTime "11:04:59 PDT"]
[Termination "davigator won by resignation"]

1. e4 c5 2. Nf3 Nc6 3. d4 cxd4 4. Nxd4 Nf6 5. Nc3 d6 6. Be2 e6 7. O-O Be7 8. Be3 O-O 9. f4 a6 10. a4 Bd7 11. Bf3 Qc7 12. Nb3 b6 13. Qe1 Rac8 14.
Qf2 Rb8 15. Be2 Qb7 16. g4 Na5 17. Bf3 Qc7 18. g5 Ne8 19. h4 Nc4 20. Rab1 Nxb2 21. Rxb2 Qxc3 22. Bd4 Qc7 23. h5 e5 24. Be3 Bxa4 25. f5 f6 26. h6 gxh6 27. g6 hxg6 28. fxg6 Ng7 29. Bxh6 Bc6 30. Qh4 f5 31. Bxg7 Bxh4 0-1

[Event "*** Titled Tuesday Blitz"]
[Site "Chess.com"]
[Date "2020.05.12"]
[Round "6"]
[White "ChristopherYoo"]
[Black "francyIM"]
[Result "1-0"]
[WhiteElo "2903"]
[BlackElo "2671"]
[TimeControl "180+1"]
[EndTime "11:05:01 PDT"]
[Termination "ChristopherYoo won by resignation"]

1. e4 e5 2. Nf3 Nc6 3. Bb5 a6 4. Ba4 d6 5. O-O Bg4 6. h3 h5 7. Bxc6+ bxc6 8. d4 Bxf3 9. Qxf3 exd4 10. Re1 f6 11. Rd1 c5 12. c3 dxc3 13. Nxc3 Ne7 14. Bf4 Ng6 15. Bh2 Rb8 16. Nd5 Kf7 17. e5 dxe5 18.
Nf4 exf4 19. Rxd8 Rxd8 20. Qb3+ Ke8 21. Qa4+ Kf7 22. Qc4+ Ke8 23. Re1+ Be7 24. Qe6 h4 25.
Bxf4 Rd7 26. Be3 Nf8 27. Qxa6 Kf7 28. Bxc5 Bxc5 29. Qc4+ Kg6 30. Qxc5 Nh7 31. Qc2+ Kf7 32. Qc4+ Kf8 33. Qe6 1-0

[Event "*** Titled Tuesday Blitz"]
[Site "Chess.com"]
[Date "2020.05.12"]
[Round "6"]
[White "DrVelja"]
[Black "serhanberat_ozdemir"]
[Result "0-1"]
[WhiteElo "2715"]
[BlackElo "2512"]
[TimeControl "180+1"]
[EndTime "11:05:02 PDT"]
[Termination "serhanberat_ozdemir won by resignation"]

1. e4 c5 2. Nc3 e6 3. Nf3 a6 4. a4 Nc6 5. g3 d5 6. Bg2 dxe4 7. Nxe4 Be7 8. O-O Nf6 9. Nxf6+ Bxf6 10. d3 O-O 11.
Nd2 Bd7 12. Nc4 b5 13. axb5 axb5 14. Rxa8 Qxa8 15. Nb6 Qb7 16. Nxd7 Qxd7 17. c3 Rd8 18. Be3 b4 19. Qa1 bxc3 20. bxc3 Ne5 21. Bxc5 Qxd3 22. Bd4 Nf3+ 23. Bxf3 Qxf3 24. Qa5 Ra8 25. Qb6 Bxd4 26. Qxd4 Rc8 27. c4 h6 28. Rc1 Qf6 29. Qd7 Rc5 30. Qd6 Qf5 31. Qd4 Qg5 32. Rb1 Qf5 33. Rb8+ Kh7 34. Rb7 Ra5 35. Kg2 Ra3 36.
c5 Qf3+ 37. Kg1 Qxb7 38. Qd3+ Rxd3 0-1

[Event "*** Titled Tuesday Blitz"]
[Site "Chess.com"]
[Date "2020.05.12"]
[Round "6"]
[White "Juanovic"]
[Black "Mili_Brizzi"]
[Result "0-1"]
[WhiteElo "2188"]
[BlackElo "2463"]
[TimeControl "180+1"]
[EndTime "11:05:02 PDT"]
[Termination "Mili_Brizzi won by resignation"]

1. e4 e5 2. Nf3 Nc6 3. Bb5 a6 4. Bxc6 dxc6 5. O-O Bg4 6. h3 h5 7. d3 Qf6 8. Nbd2 Ne7 9. Qe2 Ng6 10. Qe3 Nf4 11.
Nc4 Nxh3+ 12. gxh3 Bxf3 13. Qg5 Qxg5+ 14. Bxg5 f6 15.
Be3 h4 16. Nd2 Bh5 17. f4 exf4 18. Bxf4 O-O-O 19. Nb3 Bf7 20. Rae1 Be6 21. Kh2 Rh5 22.
Re3 g5 23. Ref3 gxf4 24. Nd2 Bd6 25. c4 Rg8 26. a3 Rg3 27. b4 Rhg5 28. R1f2 Bxh3 29.
d4 Bg4 30. c5 Bxf3 31. Nxf3 Be7 32. Nxg5 fxg5 33. d5 Bf6 34. dxc6 bxc6 35. e5 Bxe5 36.
Re2 Re3 37. Rd2 f3+ 0-1

[Event "*** Titled Tuesday Blitz"]
[Site "Chess.com"]
[Date "2020.05.12"]
[Round "6"]
[White "FGHSMN"]
[Black "Chess2019Player"]
[Result "1-0"]
[WhiteElo "2491"]
[BlackElo "2181"]
[TimeControl "180+1"]
[EndTime "11:05:02 PDT"]
[Termination "FGHSMN won on time"]

1. e4 e6 2. d4 d5 3. Nc3 Nf6 4.
Bg5 Bb4 5. e5 h6 6. Bd2 Bxc3 7.
Bxc3 Ne4 8. Bb4 c5 9. Bxc5 Nxc5 10. dxc5 Nc6 11. Nf3 Qc7 12. Qe2 Qa5+ 13. Qd2 Qxc5 14.
Bd3 Bd7 15. O-O Nb4 16. Rfe1 Nxd3 17. Qxd3 Rc8 18. Nd4 Qc4 19. Qd2 Qa4 20. c3 b5 21.
Re3 a5 22. Rg3 g5 23. a3 Qc4 24. Rf3 Ke7 25. h4 Rhg8 26. Rf6 Qc7 27. Re1 gxh4 28. Qf4 Rg7 29. Qxh4 Rcg8 30. Rxe6+ 1-0

[Event "*** Titled Tuesday Blitz"]
[Site "Chess.com"]
[Date "2020.05.12"]
[Round "6"]
[White "AsaHoffmann"]
[Black "warmoatmeal"]
[Result "1-0"]
[WhiteElo "2391"]
[BlackElo "2211"]
[TimeControl "180+1"]
[EndTime "11:05:03 PDT"]
[Termination "AsaHoffmann won by checkmate"]

1. d4 Nf6 2. Bg5 d5 3. Nd2 c6 4. e3 Nbd7 5. f4 h6 6. Bh4 e6 7. Bd3 Be7 8. Ngf3 Qb6 9. Rb1 O-O 10. O-O c5 11. c3 Re8 12. Ne5 Qd8 13. Qf3 a6 14. Qh3 Nf8 15. Rf2 Bd7 16. Rbf1 Bb5 17. Bxb5 axb5 18. a3 Ne4 19. Bxe7 Qxe7 20. Nxe4 dxe4 21.
f5 f6 22. Ng4 b4 23. axb4 cxb4 24. Qg3 Kh8 25. h4 Rac8 26. Qf4 exf5 27. Qxf5 Qe6 28.
Qf4 bxc3 29. bxc3 Rxc3 30. Nxh6 gxh6 31. Qxh6+ Nh7 32. Rxf6 Qg8 33. Rg6 Re7 34. Rxg8+ Kxg8 35. Rf4 Nf8 36. Rxf8# 1-0

[Event "*** Titled Tuesday Blitz"]
[Site "Chess.com"]
[Date "2020.05.12"]
[Round "6"]
[White "larisakalinina"]
[Black "ZoltanChef"]
[Result "0-1"]
[WhiteElo "1994"]
[BlackElo "2127"]
[TimeControl "180+1"]
[EndTime "11:05:03 PDT"]
[Termination "ZoltanChef won by checkmate"]

1. e4 g6 2. d4 Bg7 3. Nc3 c5 4. Nf3 Qa5 5. Bc4 cxd4 6. Nxd4 Qc5 7. Bxf7+ Kxf7 8. Nb3 Bxc3+ 9. bxc3 Qxc3+ 10. Bd2 Qc4 11.
Qf3+ Ke8 12. Qc3 Qxc3 13. Bxc3 Nf6 14. e5 Nd5 15. Bd4 e6 16. O-O Nc6 17. Bb2 b6 18. c4 Nf4 19. Rad1 Ba6 20. Nd2 Nd3 21. Ba1 Rf8 22. f4 Rxf4 23. Rxf4 Nxf4 24. Ne4 Ke7 25. g3 Ne2+ 26. Kf2 Bxc4 27. Nd6 Rf8+ 28. Ke3 Ba6 29. Rd2 g5 30. Ne4 g4 31. Nf6 d5 32. Nxh7 Rf3# 0-1

[Event "*** Titled Tuesday Blitz"]
[Site "Chess.com"]
[Date "2020.05.12"]
[Round "6"]
[White "Vaathi_Coming"]
[Black "ElGasanov"]
[Result "1-0"]
[WhiteElo "2872"]
[BlackElo "2738"]
[TimeControl "180+1"]
[EndTime "11:05:07 PDT"]
[Termination "Vaathi_Coming won by resignation"]

1. d4 Nf6 2. Nf3 b6 3. c4 Bb7 4.
Nc3 e6 5. a3 g6 6. Bg5 Bg7 7. e3 h6 8. Bh4 O-O 9. Bd3 d5 10. cxd5 exd5 11. O-O Nbd7 12. Ne5 c5 13. f4 a6 14. Na4 Qc7 15. Rc1 c4 16. Bb1 b5 17.
Nc3 Ne4 18. Nxe4 dxe4 19. b3 Bd5 20. bxc4 bxc4 21. Ba2 Nb6 22. f5 g5 23. f6 Bh8 24. Qh5 gxh4 25. Rf4 Be6 26. Qxh6 Bxf6 27. Rxf6 1-0

[Event "*** Titled Tuesday Blitz"]
[Site "Chess.com"]
[Date "2020.05.12"]
[Round "6"]
[White "wild_cat99"]
[Black "PhileKhoob"]
[Result "1-0"]
[WhiteElo "2601"]
[BlackElo "2450"]
[TimeControl "180+1"]
[EndTime "11:05:07 PDT"]
[Termination "wild_cat99 won by resignation"]

1. Nf3 Nf6 2. c4 g6 3. Nc3 d5 4. cxd5 Nxd5 5. e4 Nxc3 6. bxc3 Bg7 7. d4 O-O 8. Be3 c5 9. Qd2 Qa5 10. Be2 Nc6 11. O-O cxd4 12. Nxd4 Rd8 13. Qb2 Nxd4 14.
cxd4 b6 15. Rfc1 Bb7 16. e5 Rac8 17. a4 Qd5 18. Bf3 Qd7 19. Bxb7 Qxb7 20. a5 b5 21. a6 Qb8 22. Rxc8 Rxc8 23. Rc1 Rxc1+ 24. Qxc1 e6 25. Qc6 Bf8 26. Qb7 Qd8 27. Qxa7 Qa5 28. g3 b4 29. Qb7 b3 30. Bh6 Bxh6 31. a7 Qe1+ 32. Kg2 b2 33. a8=Q+ Bf8 34. Qbb8 1-0

[Event "*** Titled Tuesday Blitz"]
[Site "Chess.com"]
[Date "2020.05.12"]
[Round "6"]
[White "Nagimov_Artiom"]
[Black "Berardino"]
[Result "1/2-1/2"]
[WhiteElo "2404"]
[BlackElo "2607"]
[TimeControl "180+1"]
[EndTime "11:05:07 PDT"]
[Termination "Game drawn by agreement"]

1. d4 d5 2. Nf3 Nf6 3. c4 e6 4.
Nc3 Be7 5. Bg5 O-O 6. e3 Nbd7 7.
Rc1 h6 8. Bh4 c5 9. cxd5 Nxd5 10.
Bxe7 Nxe7 11. Be2 b6 12. O-O Bb7 13. a3 cxd4 14. Nxd4 Nc5 15. b4 Ne4 16. Nxe4 Bxe4 17. Qb3 Rc8 18. h3 Qd5 19. Qxd5 Bxd5 20. Nb5 a6 21.
Nd4 a5 22. Bb5 axb4 23. axb4 e5 24. Ne2 f6 25. Bd7 Rc4 26. Rfd1 Kf7 27. Rxc4 Bxc4 28.
Nc3 Ra8 29. Ne4 Bd5 30. Nd6+ Kf8 31. Nf5 Rd8 32. Nxe7 Kxe7 33. Bb5 Bb7 34. Rxd8 Kxd8 35. f4 exf4 36. exf4 Ke7 37. Kf2 Kd6 38. g3 Kd5 39. Ke3 Bc6 40. Be2 Bd7 41. h4 Kd6 42. Kd4 Be6 1/2-1/2

[Event "*** Titled Tuesday Blitz"]
[Site "Chess.com"]
[Date "2020.05.12"]
[Round "6"]
[White "eightbyeightchess"]
[Black "HanSchut"]
[Result "0-1"]
[WhiteElo "2383"]
[BlackElo "2228"]
[TimeControl "180+1"]
[EndTime "11:05:07 PDT"]
[Termination "HanSchut won by resignation"]

1. e4 c5 2. Nf3 d6 3. d4 cxd4 4. Qxd4 Nc6 5. Bb5 Bd7 6. Bxc6 Bxc6 7. Nc3 Nf6 8. Bg5 e5 9. Qd3 Be7 10. O-O-O Qa5 11. Bxf6 Bxf6 12. Nd2 O-O 13. Nc4 Qc5 14. Ne3 Bg5 15. Rhe1 Rfd8 16. Kb1 Bxe3 17. Rxe3 b5 18. Nd5 Kf8 19. Qe2 Bxd5 20. Rxd5 Qb6 21. Qxb5 Qc7 22.
Rc3 Qxc3 23. bxc3 Rab8 24. c4 a6 25. a4 axb5 26. axb5 Ke7 27. Kb2 Rdc8 28. Kb3 Rc5 29. Rd3 Rbc8 30. Rc3 f5 31. f3 fxe4 32. fxe4 Rf8 33.
Kb4 Kd7 34. Rg3 g6 35. Rh3 Rf7 36. g4 Ke6 37. g5 Rfc7 38. b6 Rb7 39. Rf3 Rxb6+ 40.
Kc3 Rbc6 41. Rf6+ Ke7 0-1

[Event "*** Titled Tuesday Blitz"]
[Site "Chess.com"]
[Date "2020.05.12"]
[Round "6"]
[White "GOGIEFF"]
[Black "abykhovsky"]
[Result "1-0"]
[WhiteElo "2948"]
[BlackElo "2680"]
[TimeControl "180+1"]
[EndTime "11:05:08 PDT"]
[Termination "GOGIEFF won by resignation"]

1. d4 Nf6 2. c4 g6 3. Nc3 d5 4. Nf3 Bg7 5. cxd5 Nxd5 6. Bd2 c5 7.
Nxd5 Qxd5 8. Rc1 Nc6 9. Rxc5 Qxa2 10. e3 O-O 11. Bc4 Qxb2 12. O-O Bd7 13. Rb5 Qa3 14.
Rxb7 Rfd8 15. Ng5 e6 16. Nxf7 Kxf7 17. Rxd7+ Rxd7 18. Qf3+ Ke7 19. Qxc6 Rf8 20. Qxe6+ Kd8 21. Bb5 Rc7 22. Qd5+ Ke7 23. Qe4+ Kd8 24. g4 h5 25. Qd5+ Ke7 26. Rb1 a5 27. Bc4 Qd6 28. Qe4+ Kf6 29. Bd3 Kg5 30. Rb5+ 1-0

[Event "*** Titled Tuesday Blitz"]
[Site "Chess.com"]
[Date "2020.05.12"]
[Round "6"]
[White "zurzan"]
[Black "YaWaleriy"]
[Result "0-1"]
[WhiteElo "1976"]
[BlackElo "2228"]
[TimeControl "180+1"]
[EndTime "11:05:08 PDT"]
[Termination "YaWaleriy won by resignation"]

1. f4 d5 2. Nf3 Nf6 3. g3 e6 4.
Bg2 c5 5. O-O Nc6 6. d3 Be7 7. c3 d4 8. Qe1 O-O 9. Na3 Nd5 10. Nc2 Bf6 11. c4 Ndb4 12. Nxb4 Nxb4 13. Qd1 Nc6 14. a3 a5 15. b3 e5 16. Bb2 exf4 17. gxf4 Re8 18. Rb1 Qd6 19. Ng5 Bxg5 20. fxg5 Qe5 21.
Bc1 Qxe2 22. Qxe2 Rxe2 23. Bd5 Be6 24. Bf4 Rd8 25. Bxe6 fxe6 26. Rbe1 Rxe1 27. Rxe1 Kf7 28. Bc7 Rd7 29. Bb6 e5 30. Bxc5 Kg6 31. h4 Kf5 32. Re4 Nd8 33. Bb6 Ne6 34. Bxa5 Nc5 35.
Re1 Nxd3 36. Rf1+ Kg4 37. b4 e4 38. b5 e3 39. Be1 Nxe1 40. Rxe1 d3 41. Rxe3 d2 42.
Re4+ Kf3 0-1

[Event "*** Titled Tuesday Blitz"]
[Site "Chess.com"]
[Date "2020.05.12"]
[Round "6"]
[White "Mr_Sinigami"]
[Black "Koalaskakistis"]
[Result "1-0"]
[WhiteElo "2607"]
[BlackElo "2451"]
[TimeControl "180+1"]
[EndTime "11:05:09 PDT"]
[Termination "Mr_Sinigami won on time"]

1. d4 f5 2. Nf3 Nf6 3. g3 e6 4. Bg2 Be7 5. O-O O-O 6. b3 Ne4 7. c4 Bf6 8. e3 d6 9. Qc2 Nc6 10. a3 a5 11. Bb2 e5 12. dxe5 dxe5 13. Rd1 Qe8 14. Nfd2 Nxd2 15. Rxd2 Qh5 16. Nc3 f4 17. Nd5 f3 18. Bf1 Bf5 19. Qd1 Rac8 20. b4 Ne7 21. Bxe5 Bxe5 22. Nxe7+ Kh8 23. Nxc8 Bxa1 24. Qxa1 Rxc8 25. Qe5 h6 26. Rd5 Rf8 27. e4 axb4 28. axb4 1-0

[Event "*** Titled Tuesday Blitz"]
[Site "Chess.com"]
[Date "2020.05.12"]
[Round "6"]
[White "Luibov_AN"]
[Black "pawel83"]
[Result "0-1"]
[WhiteElo "2121"]
[BlackElo "2366"]
[TimeControl "180+1"]
[EndTime "11:05:09 PDT"]
[Termination "pawel83 won by resignation"]

1. d4 Nf6 2. Nf3 g6 3. Bg5 Bg7 4. Nbd2 d6 5. e4 O-O 6. Bc4 Nc6 7. c3 h6 8. Bh4 e5 9. O-O exd4 10. Nxd4 Nxd4 11.
cxd4 g5 12. Bg3 d5 13. exd5 Nxd5 14. Qb3 Nb6 15. Rad1 c6 16. Be5 Nxc4 17. Nxc4 Be6 18. Qc3 Bd5 19. Bxg7 Kxg7 20. b3 Qf6 21. Ne5 Rfe8 22.
Qg3 Qf4 23. Qxf4 gxf4 24. f3 f6 25. Nd7 Re2 26. Rf2 Rae8 27. Nc5 Re1+ 28. Rf1 Rxd1 29. Rxd1 Re2 30. a4 b6 31. Nd3 Bxb3 32. Rc1 Bxa4 33. Nxf4 Rd2 34. d5 c5 35. h4 Kf7 36. g4 Rd4 37. Ne6 Rxd5 38. Nf4 Rd1+ 39. Rxd1 Bxd1 40. Nd5 Bxf3 0-1

[Event "*** Titled Tuesday Blitz"]
[Site "Chess.com"]
[Date "2020.05.12"]
[Round "6"]
[White "shav3184"]
[Black "HaryKane"]
[Result "0-1"]
[WhiteElo "2336"]
[BlackElo "2601"]
[TimeControl "180+1"]
[EndTime "11:05:10 PDT"]
[Termination "HaryKane won by checkmate"]

1. e4 e6 2. d4 d5 3. Nd2 g6 4.
Bd3 Bg7 5. e5 c5 6. c3 Ne7 7.
Ne2 Nec6 8. O-O Nd7 9. Kh1 Qb6 10.
Nf3 O-O 11. Rb1 f6 12. exf6 Bxf6 13. Bh6 Re8 14. Bc2 cxd4 15. cxd4 Bh8 16. b4 a6 17.
a4 Nf6 18. b5 axb5 19. Rxb5 Qc7 20. Bf4 Qe7 21. Ne5 Nh5 22. Re1 Rf8 23. Qd2 Nxf4 24. Nxf4 Qg5 25. g3 Nxe5 26. dxe5 Bxe5 27. h4 Bxf4 28.
Qb4 Qg4 29. Qe7 Bxg3 30. fxg3 Qh3+ 31. Kg1 Qxg3+ 32. Kh1 Qxe1+ 33. Kh2 Qf2+ 34. Kh3 Rf3+ 35. Kg4 Qg3# 0-1